IL
NORFOLK TIDES @ SCRANTON WB RAILRIDERS
04/10/2024
 
TOP OF THE 1ST
Norfolk Tides batting - Pitching for Scranton WB RailRiders : RHP Esteban Vázquez
Pitching: RHP Esteban Vázquez
Batting: RHB Marco Luciano 0-0: Ball
1-0: Ball
2-0: Called Strike
2-1: Foul Ball, location: 2F
2-2: Strikes out swinging
Batting: RHB Austin Beck 0-0: Called Strike
0-1: Ball
1-1: Foul Ball, location: 2F
1-2: Ball
2-2: Foul Ball, location: 5SF
2-2: Fly out, F8 (Flyball, 8RD, EV 96.9 MPH)
Batting: RHB Grant Gunnell 0-0: Called Strike
0-1: Ball
1-1: Swinging Strike
1-2: Ball
2-2: Fly out, F6 (Line Drive, 6M, EV 65.6 MPH)
Top of the 1st over - 0 runs, 0 hits, 0 errors, 0 left on base; Norfolk 0 - Scranton WB 0
BOTTOM OF THE 1ST
Scranton WB RailRiders batting - Pitching for Norfolk Tides : RHP Max Allen
Pitching: RHP Max Allen
Batting: LHB David Dillon 0-0: Ball
1-0: Ground out 5-3 (Groundball, 5, EV 83.8 MPH)
Batting: RHB Vaughn Grissom 0-0: Ball
1-0: Called Strike
1-1: Ball
2-1: Swinging Strike
2-2: Ball
3-2: Foul Ball, location: 2F
3-2: Foul Ball, location: 2F
3-2: SINGLE (Line Drive, 5D, EV 97.5 MPH)
Batting: LHB Lance Parrish 0-0: Ball
Vaughn Grissom is caught stealing 2nd base 2-6
1-0: Ball
2-0: SINGLE (Groundball, 34D, EV 97.5 MPH)
Batting: LHB Austin Wells 0-0: Ball
Lance Parrish is caught stealing 2nd base 2-6
Bottom of the 1st over - 0 runs, 2 hits, 0 errors, 0 left on base; Norfolk 0 - Scranton WB 0
TOP OF THE 2ND
Norfolk Tides batting - Pitching for Scranton WB RailRiders : RHP Esteban Vázquez
Batting: SHB Bryan Leach 0-0: DOUBLE (Flyball, 89XD, EV 111.3 MPH)
Batting: LHB Kameron Misner 0-0: Ball
1-0: Called Strike
1-1: DOUBLE (Flyball, 8RXD, EV 107.5 MPH)
Bryan Leach scores
Batting: RHB Collin Krist 0-0: Called Strike
0-1: Foul Ball, location: 2F
0-2: Ball
1-2: Foul Ball, location: 2F
1-2: Foul Ball, location: 23F
1-2: Fly out, F7 (Flyball, 7, EV 85.0 MPH)
Batting: RHB Jaime Castillo 0-0: Called Strike
0-1: SINGLE (Line Drive, 3D, EV 104.4 MPH)
Kameron Misner to third
Runner from 3rd tries for Home, SAFE, throw by RF to home
Batting: SHB Cole Austin 0-0: Ball
1-0: Ground out 5-3 (Groundball, 56S, EV 69.4 MPH)
Jaime Castillo to second
Batting: RHB Jeff Peterson 0-0: Ball
1-0: Swinging Strike
1-1: Fly out, F8 (Flyball, 78D, EV 104.4 MPH)
Top of the 2nd over - 2 runs, 3 hits, 0 errors, 1 left on base; Norfolk 2 - Scranton WB 0
BOTTOM OF THE 2ND
Scranton WB RailRiders batting - Pitching for Norfolk Tides : RHP Max Allen
Batting: LHB Austin Wells 0-0: Ball
1-0: Called Strike
1-1: Ground out 4-3 (Groundball, 4, EV 84.4 MPH)
Batting: LHB Christian Yelich 0-0: DOUBLE (Groundball, 3L, EV 106.3 MPH)
Batting: RHB Cristian Pache 0-0: Foul Ball, location: 9LSF
0-1: Ball
1-1: Ball
2-1: Foul Ball, location: 2F
2-2: Ball
3-2: Base on Balls
Batting: LHB Victor Murphy 0-0: Ball
1-0: Grounds into double play, 3-6-1 (Groundball, 34, EV 90.0 MPH)
Bottom of the 2nd over - 0 runs, 1 hit, 0 errors, 1 left on base; Norfolk 2 - Scranton WB 0
TOP OF THE 3RD
Norfolk Tides batting - Pitching for Scranton WB RailRiders : RHP Esteban Vázquez
Batting: RHB Marco Luciano 0-0: Ball
1-0: Swinging Strike
1-1: Ball
2-1: Foul Ball, location: 9LSF
2-2: Ball
3-2: Foul Ball, location: 3SF
3-2: Foul Ball, location: 2F
3-2: Fly out, F6 (Popup, P, EV 75.6 MPH)
Batting: RHB Austin Beck 0-0: Foul Ball, location: 7LMF
0-1: Ground out 6-3 (Groundball, 6, EV 85.0 MPH)
Batting: RHB Grant Gunnell 0-0: Called Strike
0-1: Ball
1-1: Swinging Strike
1-2: Strikes out looking
Top of the 3rd over - 0 runs, 0 hits, 0 errors, 0 left on base; Norfolk 2 - Scranton WB 0
BOTTOM OF THE 3RD
Scranton WB RailRiders batting - Pitching for Norfolk Tides : RHP Max Allen
Batting: RHB Yolbert Sanchez 0-0: Called Strike
0-1: Ball
1-1: Ball
2-1: Called Strike
2-2: Strikes out swinging
Batting: RHB Robby Adkins 0-0: Foul Ball, location: 5F
0-1: Ball
1-1: Ball
2-1: Foul Ball, location: 25F
2-2: Fly out, F9 (Line Drive, 89M, EV 94.4 MPH)
Batting: LHB David Dillon 0-0: Called Strike
0-1: Foul Ball, location: 23F
0-2: Strikes out swinging
Bottom of the 3rd over - 0 runs, 0 hits, 0 errors, 0 left on base; Norfolk 2 - Scranton WB 0
TOP OF THE 4TH
Norfolk Tides batting - Pitching for Scranton WB RailRiders : RHP Esteban Vázquez
Batting: SHB Bryan Leach 0-0: Fly out, F9 (Flyball, 9, EV 90.6 MPH)
Batting: LHB Kameron Misner 0-0: Called Strike
0-1: Foul Ball, location: 7LMFF
0-2: Ground out 6-3 (Groundball, P, EV 85.6 MPH)
Batting: RHB Collin Krist 0-0: Ball
1-0: Fly out, F8 (Flyball, 8LM, EV 94.4 MPH)
Top of the 4th over - 0 runs, 0 hits, 0 errors, 0 left on base; Norfolk 2 - Scranton WB 0
BOTTOM OF THE 4TH
Scranton WB RailRiders batting - Pitching for Norfolk Tides : RHP Max Allen
Batting: RHB Vaughn Grissom 0-0: Ball
1-0: Ball
2-0: Ground out 5-3 (Groundball, 5, EV 100.6 MPH)
Batting: LHB Lance Parrish 0-0: Ball
1-0: Ball
2-0: Called Strike
2-1: Foul Ball, location: 2F
2-2: Strikes out swinging
Batting: LHB Austin Wells 0-0: Foul Ball, location: 7LMF
0-1: Ball
1-1: SINGLE (Groundball, 34, EV 106.3 MPH)
Batting: LHB Christian Yelich 0-0: Ball
1-0: Called Strike
1-1: Swinging Strike
1-2: Ball
2-2: Fly out, F8 (Line Drive, 8RD, EV 86.3 MPH)
Bottom of the 4th over - 0 runs, 1 hit, 0 errors, 1 left on base; Norfolk 2 - Scranton WB 0
TOP OF THE 5TH
Norfolk Tides batting - Pitching for Scranton WB RailRiders : RHP Esteban Vázquez
Batting: RHB Jaime Castillo 0-0: Called Strike
0-1: Foul Ball, location: 5F
0-2: Ball
1-2: Fly out, F6 (Popup, 6MS, EV 81.9 MPH)
Batting: SHB Cole Austin 0-0: Fly out, F8 (Flyball, 8RM, EV 97.5 MPH)
Batting: RHB Jeff Peterson 0-0: Called Strike
0-1: Called Strike
0-2: Strikes out swinging
Top of the 5th over - 0 runs, 0 hits, 0 errors, 0 left on base; Norfolk 2 - Scranton WB 0
BOTTOM OF THE 5TH
Scranton WB RailRiders batting - Pitching for Norfolk Tides : RHP Max Allen
Batting: RHB Cristian Pache 0-0: Foul Ball, location: 3SF
0-1: Called Strike
0-2: Ball
1-2: Ball
2-2: Ball
3-2: SINGLE (Groundball, 34D, EV 98.8 MPH)
Batting: LHB Victor Murphy 0-0: SINGLE (Line Drive, 6MD, EV 100.6 MPH)
Cristian Pache to second
Batting: RHB Yolbert Sanchez 0-0: Swinging Strike
0-1: Fly out, F7 (Line Drive, 7, EV 98.1 MPH)
Batting: RHB Robby Adkins 0-0: Fly out, F7 (Line Drive, 7LS, EV 87.5 MPH)
Batting: LHB David Dillon 0-0: Called Strike
0-1: Swinging Strike
0-2: Ball
1-2: Ball
2-2: Strikes out swinging
Bottom of the 5th over - 0 runs, 2 hits, 0 errors, 2 left on base; Norfolk 2 - Scranton WB 0
TOP OF THE 6TH
Norfolk Tides batting - Pitching for Scranton WB RailRiders : RHP Esteban Vázquez
Batting: RHB Marco Luciano 0-0: Called Strike
0-1: Ball
1-1: Fly out, F8 (Flyball, 8LS, EV 97.5 MPH)
Batting: RHB Austin Beck 0-0: Ball
1-0: Ground out 5-3 (Groundball, 56, EV 77.5 MPH)
Batting: RHB Grant Gunnell 0-0: Called Strike
0-1: Fly out, F7 (Flyball, 7D, EV 110.6 MPH)
Top of the 6th over - 0 runs, 0 hits, 0 errors, 0 left on base; Norfolk 2 - Scranton WB 0
BOTTOM OF THE 6TH
Scranton WB RailRiders batting - Pitching for Norfolk Tides : RHP Max Allen
Batting: RHB Vaughn Grissom 0-0: Called Strike
0-1: Ball
1-1: Ball
2-1: Foul Ball, location: 9LSF
2-2: Strikes out swinging
Batting: LHB Lance Parrish 0-0: Ball
1-0: Fly out, F8 (Flyball, 8RM, EV 98.1 MPH)
Batting: LHB Austin Wells 0-0: Fly out, F9 (Flyball, 9D, EV 93.1 MPH)
Bottom of the 6th over - 0 runs, 0 hits, 0 errors, 0 left on base; Norfolk 2 - Scranton WB 0
TOP OF THE 7TH
Norfolk Tides batting - Pitching for Scranton WB RailRiders : RHP Esteban Vázquez
Batting: SHB Bryan Leach 0-0: Called Strike
0-1: Ball
1-1: Ball
2-1: DOUBLE (Line Drive, 5D, EV 94.4 MPH)
Batting: LHB Kameron Misner 0-0: Intentional Walk
Batting: RHB Collin Krist 0-0: Ball
1-0: Swinging Strike
1-1: Ball
2-1: Foul Ball, location: 7LMF
2-2: Grounds into double play, 4-6-3 (Groundball, 4, EV 108.1 MPH)
Bryan Leach to third
Batting: RHB Jaime Castillo 0-0: Ball
1-0: Called Strike
1-1: Fly out, F8 (Flyball, 8RM, EV 86.3 MPH)
Top of the 7th over - 0 runs, 1 hit, 0 errors, 1 left on base; Norfolk 2 - Scranton WB 0
BOTTOM OF THE 7TH
Scranton WB RailRiders batting - Pitching for Norfolk Tides : RHP Max Allen
Batting: LHB Christian Yelich 0-0: Swinging Strike
0-1: Ball
1-1: Foul Ball, location: 7LDF
1-2: Ball
2-2: Ball
3-2: Foul Ball, location: 25FF
3-2: Base on Balls
Batting: RHB Cristian Pache 0-0: Ball
1-0: Sac Bunt to 25 - play at second, runner OUT! 5-6
Batting: LHB Victor Murphy 0-0: Ball
1-0: Ball
2-0: Called Strike
2-1: SINGLE (Groundball, 34S, EV 75.6 MPH) (infield hit)
Cristian Pache to second
Batting: RHB Yolbert Sanchez 0-0: Ball
1-0: Called Strike
1-1: Ball
2-1: Fielders Choice at 2nd, 4-6 (Groundball, 4M, EV 88.8 MPH)
Cristian Pache to third
Pinch Hitting: SHB Abraham Wilson 0-0: Fielders Choice at 2nd, 5-4 (Groundball, 5L, EV 85.0 MPH)
Bottom of the 7th over - 0 runs, 1 hit, 0 errors, 2 left on base; Norfolk 2 - Scranton WB 0
TOP OF THE 8TH
Norfolk Tides batting - Pitching for Scranton WB RailRiders : RHP Esteban Vázquez
Now at 2B: Abraham Wilson
Now at SS: Yolbert Sanchez
Batting: SHB Cole Austin 0-0: Ball
1-0: Swinging Strike
1-1: Called Strike
1-2: Fly out, F7 (Flyball, 7LS, EV 92.5 MPH)
Batting: RHB Jeff Peterson 0-0: Fly out, F8 (Flyball, 8LD, EV 102.5 MPH)
Batting: RHB Marco Luciano 0-0: Ball
1-0: Called Strike
1-1: SINGLE (Line Drive, 7S, EV 95.6 MPH)
Batting: RHB Austin Beck 0-0: Ball
1-0: Foul Ball, location: 2F
1-1: Swinging Strike
1-2: Ball
2-2: Fielders Choice at 2nd, 6-4 (Groundball, 6, EV 98.8 MPH)
Top of the 8th over - 0 runs, 1 hit, 0 errors, 1 left on base; Norfolk 2 - Scranton WB 0
BOTTOM OF THE 8TH
Scranton WB RailRiders batting - Pitching for Norfolk Tides : RHP Max Allen
Batting: LHB David Dillon 0-0: Ball
1-0: Called Strike
1-1: Called Strike
1-2: Fly out, F9 (Flyball, 9D, EV 111.3 MPH)
Batting: RHB Vaughn Grissom 0-0: Fly out, F3 (Popup, 23F, EV 80.6 MPH)
Batting: LHB Lance Parrish 0-0: SINGLE (Line Drive, 56D, EV 98.8 MPH)
Batting: LHB Austin Wells 0-0: Called Strike
0-1: Ball
1-1: Ball
2-1: Foul Ball, location: 7LDF
2-2: Ball
3-2: Foul Ball, location: 2F
3-2: Fly out, F8 (Flyball, 8RM, EV 79.4 MPH)
Bottom of the 8th over - 0 runs, 1 hit, 0 errors, 1 left on base; Norfolk 2 - Scranton WB 0
TOP OF THE 9TH
Norfolk Tides batting - Pitching for Scranton WB RailRiders : RHP Esteban Vázquez
Pitching: RHP John Butler
Batting: RHB Grant Gunnell 0-0: Ball
1-0: Ground out 1-3 (Groundball, 15, EV 76.3 MPH)
Batting: SHB Bryan Leach 0-0: SINGLE (Line Drive, 9S, EV 110.0 MPH)
Batting: LHB Kameron Misner 0-0: Ball
1-0: Called Strike
1-1: Ball
2-1: Foul Ball, location: 2LF
2-2: Strikes out swinging
Batting: RHB Collin Krist 0-0: Ball
1-0: Foul Ball, location: 3F
1-1: Fly out, F8 (Flyball, 8LM, EV 80.0 MPH)
Top of the 9th over - 0 runs, 1 hit, 0 errors, 1 left on base; Norfolk 2 - Scranton WB 0
BOTTOM OF THE 9TH
Scranton WB RailRiders batting - Pitching for Norfolk Tides : RHP Max Allen
Pitching: RHP Henry Snyder
Now at 2B: Tyler Freeman
Now in CF: Jonathan Krause
Batting: LHB Christian Yelich 0-0: Foul Ball, location: 5DF
0-1: Swinging Strike
0-2: Ball
1-2: Fly out, F6 (Popup, 6S, EV 66.3 MPH)
Batting: RHB Cristian Pache 0-0: Ball
1-0: Called Strike
1-1: Foul Ball, location: 2F
1-2: Ball
2-2: Ball
3-2: Foul Ball, location: 5F
3-2: Strikes out swinging
Batting: LHB Victor Murphy 0-0: Ball
1-0: Ball
2-0: Called Strike
2-1: Ball
3-1: Fly out, F2 (Popup, 25F, EV 84.4 MPH)
Bottom of the 9th over - 0 runs, 0 hits, 0 errors, 0 left on base; Norfolk 2 - Scranton WB 0
Thursday, April 18th , 2024 - OOTP Baseball 24.11 Build 85